Wild vs Nordiques

Created - 5 décembre 2017 at 06:09

Goals
1 2 3 T
Wild 1 1 2 4
Nordiques 2 2 1 5
Shots
1 2 3 T
Wild 9 7 13 29
Nordiques 15 9 8 32

1st period

1. Wild , Marcus Johansson 10 (Nikita Zadorov 3, Kris Letang 15) at 8:20
2. Nordiques , Ryan O'Reilly 8 (Sebastian Aho 12, Jamie Benn 11) at 18:09 (PP)
3. Nordiques , Alexander Wennberg 11 (Kyle Turris 13, John-Michael Liles 9) at 19:13 (PP)

Penalties :
Evander Kane (QUE) for Roughing (Double Minor) at 12:53, Nikita Zadorov (MIW) for Slashing (Minor) at 18:06, Nikita Zadorov (MIW) for Hooking (Minor) at 19:01

2nd period

4. Nordiques , Connor Brown 6 (John-Michael Liles 10, Patrik Berglund 11) at 12:59
5. Wild , Evgeny Kuznetsov 10 (Jack Eichel 19, Marcus Johansson 13) at 18:34
6. Nordiques , Ryan O'Reilly 9 (Jamie Benn 12) at 19:32 (PP)

Penalties :
Luke Glendening (QUE) for Holding (Minor) at 2:14, Nikita Zadorov (MIW) for Holding (Minor) at 7:16, Martin Marincin (MIW) for Hooking (Minor) at 13:35, Jack Eichel (MIW) for Tripping (Minor) at 18:54

3rd period

7. Wild , Marcus Johansson 11 (Evgeny Kuznetsov 8, Jack Eichel 20) at 4:48
8. Wild , Jack Eichel 11 (Evgeny Kuznetsov 9, Marcus Johansson 14) at 9:54
9. Nordiques , Kyle Turris 9 (Sebastian Aho 13, Shayne Gostisbehere 13) at 12:15

Penalties :
John Moore (MIW) for Interference (Minor) at 14:11

Goalie Stats

Devan Dubnyk (MIW), 27 saves from 32 shots - (0,844), L, 12-9-1, 59:20 minutes
Roberto Luongo (QUE), 25 saves from 29 shots - (0,862), W, 16-5-2, 60:00 minutes

Players Stats for Wild

Player Name              G  A  P  +/- PIM S  H  SB GA TA FO     MP     PP MP  PK MP  
------------------------------------------------------------------------------------
Adam Lowry               0  0  0  -1  0   0  1  1  0  2  7/14   19:14   2:28   3:49 
Adrian Kempe             0  0  0  -1  0   0  1  1  1  2  1/2    15:30   2:20   0:00 
Brent Burns              0  0  0  -1  0   4  0  0  2  0  0/0    21:11   3:04   3:09 
Chris Tierney            0  0  0  -1  0   0  0  0  0  0  1/3    10:32   0:00   2:32 
Christian Dvorak         0  0  0  -1  0   1  0  0  0  0  0/0     8:38   0:00   0:09 
Daniel Sedin             0  0  0   0  0   2  3  0  0  0  0/0    12:36   2:45   1:38 
Evgeny Kuznetsov         1  2  3   4  0   4  2  0  0  0  4/4    20:04   2:49   0:00 
Jack Eichel              1  2  3   4  2   5  0  0  0  0  14/26  21:19   3:02   0:40 
Joel Ward                0  0  0   0  0   1  0  2  0  0  0/0    12:58   0:35   3:47 
John Moore               0  0  0   0  2   0  0  0  0  0  0/0    21:08   2:57   3:03 
Jonas Brodin             0  0  0   0  0   1  0  0  0  2  0/0    14:32   0:00   2:59 
Kris Letang              0  1  1   2  0   2  0  3  0  1  0/0    23:55   3:01   1:23 
Marcus Johansson         2  2  4   4  0   6  0  0  1  0  0/0    20:04   2:49   0:00 
Martin Marincin          0  0  0   0  2   0  0  0  0  0  0/0    14:55   0:00   3:02 
Nikita Zadorov           0  1  1   2  6   0  1  1  0  0  0/0    20:03   0:00   1:09 
Ryan Hartman             0  0  0  -1  0   2  1  0  2  0  0/1     8:19   0:18   0:00 
Ryan Suter               0  0  0   0  0   0  2  3  0  0  0/0    18:18   2:57   0:00 
William Nylander         0  0  0   0  0   1  2  0  0  0  2/8     9:48   0:45   0:00 

Players Stats for Nordiques

Player Name              G  A  P  +/- PIM S  H  SB GA TA FO     MP     PP MP  PK MP  
------------------------------------------------------------------------------------
Alexander Wennberg       1  0  1   0  0   2  3  0  3  0  1/1    17:24   3:26   1:06 
Connor Brown             1  0  1   1  0   2  0  0  0  0  0/0    17:03   0:00   2:35 
Derek MacKenzie          0  0  0   0  0   0  0  0  0  0  0/0     9:31   0:00   2:38 
Evander Kane             0  0  0   0  4   2  2  0  0  0  0/2    16:16   3:26   0:00 
Jamie Benn               0  2  2  -3  0   4  4  0  0  0  4/5    18:46   3:24   1:10 
Jared Spurgeon           0  0  0   0  0   2  1  2  1  0  0/0    25:38   3:52   2:30 
Jaromir Jagr             0  0  0   1  0   4  3  0  0  0  1/1    13:15   0:00   0:00 
John-Michael Liles       0  2  2   0  0   1  0  1  0  2  0/0    15:02   2:58   0:00 
Kevin Klein              0  0  0  -2  0   0  1  3  0  1  0/0    19:20   0:00   3:28 
Kyle Turris              1  1  2   0  0   3  1  1  0  0  4/12   16:13   3:26   0:00 
Luke Glendening          0  0  0   0  2   1  5  0  0  0  3/6     8:43   0:00   1:46 
Morgan Rielly            0  0  0  -2  0   1  0  2  0  1  0/0    23:10   2:58   3:28 
Patrik Berglund          0  1  1   1  0   0  3  0  1  0  5/12   15:50   0:00   2:35 
Paul Carey               0  0  0   0  0   1  0  0  0  0  0/0     6:49   0:00   0:00 
Ryan O'Reilly            2  0  2  -3  0   3  0  1  0  0  11/19  17:36   3:24   0:00 
Sebastian Aho            0  2  2  -3  0   3  0  1  0  0  0/0    16:34   3:24   0:06 
Shayne Gostisbehere      0  1  1   0  0   1  3  0  1  1  0/0    23:04   3:52   0:00 
Tom Gilbert              0  0  0   0  0   2  0  0  1  1  0/0    13:46   0:00   2:30 

3 Stars

1 - Marcus Johansson (MIW)
2 - Evgeny Kuznetsov (MIW)
3 - Jack Eichel (MIW)

Power Play

Wild - 0 on 3 Attempt(s) - 0,00%
Nordiques - 3 on 6 Attempt(s) - 50,00%

Penalty Kill

Wild - 3 on 6 Attempt(s) - 50,00% - Score 0 goal in Penalty Kill
Nordiques - 3 on 3 Attempt(s) - 100,00% - Score 0 goal in Penalty Kill

Team Stat

Wild - Hits : 13 - Faceoff Wins : 29 - Blocked Shots : 11 - Penalty Minutes : 12
Nordiques - Hits : 26 - Faceoff Wins : 29 - Blocked Shots : 11 - Penalty Minutes : 6

Official

Referees : Gord Dwyer and Wes McCauley
Linesman : Jay Sharrers and Steve Miller

Game Notes

No Game Note

Finance

Level 1 -- Attendance: 6000 (100,00%) -- Ticket Income 480 000 $
Level 2 -- Attendance: 5000 (100,00%) -- Ticket Income 250 000 $
Level 3 -- Attendance: 2000 (100,00%) -- Ticket Income 50 000 $
Level 4 -- Attendance: 4000 (100,00%) -- Ticket Income 40 000 $
Luxury Box -- Attendance: 1000 (100,00%) -- Ticket Income 160 000 $
Game was played at the Colisee.
Total Attendance: 18000 (100,00%)
Total Ticket Income: 980 000 $
Other Income: 480 200 $
Total Income: 1 460 200 $

Wild

5 vs 5 Forward 
   Center                   Left Wing                Right Wing               Time % Phy DF OF 
 1 Jack Eichel              Marcus Johansson         Evgeny Kuznetsov         40     1   2  2  
 2 Adam Lowry               Brent Burns              Adrian Kempe             30     1   2  2  
 3 William Nylander         Daniel Sedin             Joel Ward                20     1   2  2  
 4 Chris Tierney            Christian Dvorak         Ryan Hartman             10     1   2  2  

5 vs 5 Defense 
   Defense                  Defense                                           Time % Phy DF OF 
 1 Kris Letang              Nikita Zadorov                                    40     1   2  2  
 2 Ryan Suter               John Moore                                        35     1   2  2  
 3 Martin Marincin          Jonas Brodin                                      25     1   2  2  
 4 Martin Marincin          Brent Burns                                       0      1   2  2  

PowerPlay Forward 
   Center                   Left Wing                Right Wing               Time % Phy DF OF 
 1 Jack Eichel              Marcus Johansson         Evgeny Kuznetsov         60     1   2  2  
 2 Adam Lowry               Daniel Sedin             Adrian Kempe             40     1   2  2  

PowerPlay Defense
   Defense                  Defense                                           Time % Phy DF OF 
 1 Brent Burns              Kris Letang                                       60     1   2  2  
 2 Ryan Suter               John Moore                                        40     1   2  2  

Penalty Kill 4 Players Forward 
   Center                   Wing                     Time % Phy DF OF 
 1 Adam Lowry               Joel Ward                60     1   2  2  
 2 Chris Tierney            Brent Burns              40     1   2  2  

Penalty Kill 4 Players Defense
   Defense                  Defense                  Time % Phy DF OF 
 1 John Moore               Martin Marincin          60     1   2  2  
 2 Jonas Brodin             Nikita Zadorov           40     1   2  2  

Penalty Kill - 3 Players Forward 
   Forward                                           Time % Phy DF OF 
 1 Adam Lowry                                        60     1   2  2  
 2 Chris Tierney                                     40     1   2  2  

Penalty Kill - 3 Players Defense
   Defense                  Defense                  Time % Phy DF OF 
 1 Martin Marincin          Jonas Brodin             60     1   2  2  
 2 Nikita Zadorov           John Moore               40     1   2  2  

4 vs 4 Forward 
   Center                   Wing                     Time % Phy DF OF 
 1 Jack Eichel              Marcus Johansson         60     1   2  2  
 2 Evgeny Kuznetsov         Daniel Sedin             40     1   2  2  

4 vs 4 Defense
   Defense                  Defense                  Time % Phy DF OF 
 1 Brent Burns              Kris Letang              60     1   2  2  
 2 Ryan Suter               John Moore               40     1   2  2  

Last Minutes Offensive
   Center                   Left Wing                Right Wing               Defense                  Defense                  
   Jack Eichel              Marcus Johansson         Evgeny Kuznetsov         Brent Burns              Kris Letang              

Last Minutes Defensive
   Center                   Left Wing                Right Wing               Defense                  Defense                  
   Jack Eichel              Marcus Johansson         Evgeny Kuznetsov         Brent Burns              Kris Letang              

Goaltenders
Starting : Devan Dubnyk             
Backup : Anton Khudobin           

Extra Forwards
Normal : William Nylander, Joel Ward, Chris Tierney - PP : William Nylander, Joel Ward - PK : Chris Tierney
Extra Defensemen
Normal : Nikita Zadorov, Jonas Brodin, Martin Marincin - PP : Nikita Zadorov - PK : Jonas Brodin, Martin Marincin
Penalty Shots
Brent Burns, Jack Eichel, Marcus Johansson, Evgeny Kuznetsov, Daniel Sedin
Custom OT Lines Forwards
Brent Burns, Jack Eichel, Marcus Johansson, Evgeny Kuznetsov, Daniel Sedin, Adrian Kempe, Adam Lowry, William Nylander, Joel Ward, Chris Tierney
Custom OT Lines Defensemen
Brent Burns, Kris Letang, Ryan Suter, John Moore, Nikita Zadorov

Scratches
*salaire Wild* (Suspend), Lawson Crouse (Healthy), Andrej Nestrasil (Healthy), Frank Vatrano (Healthy), Scott Sabourin (Healthy)

Nordiques

5 vs 5 Forward 
   Center                   Left Wing                Right Wing               Time % Phy DF OF 
 1 Ryan O'Reilly            Jamie Benn               Sebastian Aho            30     0   2  3  
 2 Kyle Turris              Evander Kane             Alexander Wennberg       30     0   2  3  
 3 Patrik Berglund          Jaromir Jagr             Connor Brown             30     0   2  3  
 4 Luke Glendening          Derek MacKenzie          Paul Carey               10     1   2  2  

5 vs 5 Defense 
   Defense                  Defense                                           Time % Phy DF OF 
 1 Jared Spurgeon           Shayne Gostisbehere                               38     1   3  1  
 2 Morgan Rielly            Kevin Klein                                       37     1   3  1  
 3 John-Michael Liles       Tom Gilbert                                       25     1   3  1  
 4 Jared Spurgeon           Morgan Rielly                                     0      1   2  2  

PowerPlay Forward 
   Center                   Left Wing                Right Wing               Time % Phy DF OF 
 1 Ryan O'Reilly            Jamie Benn               Sebastian Aho            50     0   1  4  
 2 Kyle Turris              Evander Kane             Alexander Wennberg       50     0   1  4  

PowerPlay Defense
   Defense                  Defense                                           Time % Phy DF OF 
 1 Jared Spurgeon           Shayne Gostisbehere                               60     0   2  3  
 2 Morgan Rielly            John-Michael Liles                                40     0   2  3  

Penalty Kill 4 Players Forward 
   Center                   Wing                     Time % Phy DF OF 
 1 Patrik Berglund          Connor Brown             50     0   3  2  
 2 Luke Glendening          Derek MacKenzie          50     0   3  2  

Penalty Kill 4 Players Defense
   Defense                  Defense                  Time % Phy DF OF 
 1 Morgan Rielly            Kevin Klein              60     1   3  1  
 2 Jared Spurgeon           Tom Gilbert              40     1   3  1  

Penalty Kill - 3 Players Forward 
   Forward                                           Time % Phy DF OF 
 1 Ryan O'Reilly                                     50     0   3  2  
 2 Patrik Berglund                                   50     0   3  2  

Penalty Kill - 3 Players Defense
   Defense                  Defense                  Time % Phy DF OF 
 1 Morgan Rielly            Kevin Klein              60     1   3  1  
 2 Jared Spurgeon           Tom Gilbert              40     1   3  1  

4 vs 4 Forward 
   Center                   Wing                     Time % Phy DF OF 
 1 Ryan O'Reilly            Jamie Benn               50     0   2  3  
 2 Kyle Turris              Alexander Wennberg       50     0   3  2  

4 vs 4 Defense
   Defense                  Defense                  Time % Phy DF OF 
 1 Jared Spurgeon           Shayne Gostisbehere      50     1   3  1  
 2 Morgan Rielly            Kevin Klein              50     1   3  1  

Last Minutes Offensive
   Center                   Left Wing                Right Wing               Defense                  Defense                  
   Ryan O'Reilly            Jamie Benn               Alexander Wennberg       Jared Spurgeon           Shayne Gostisbehere      

Last Minutes Defensive
   Center                   Left Wing                Right Wing               Defense                  Defense                  
   Ryan O'Reilly            Jamie Benn               Connor Brown             Jared Spurgeon           Morgan Rielly            

Goaltenders
Starting : Roberto Luongo           
Backup : Jonathan Bernier         

Extra Forwards
Normal : Evander Kane, Ryan O'Reilly, Jamie Benn - PP : Jaromir Jagr, Patrik Berglund - PK : Jamie Benn
Extra Defensemen
Normal : John-Michael Liles, Tom Gilbert, Kevin Klein - PP : Morgan Rielly - PK : John-Michael Liles, Shayne Gostisbehere
Penalty Shots
Patrik Berglund, Kyle Turris, Sebastian Aho, Jamie Benn, Ryan O'Reilly
Custom OT Lines Forwards
Jamie Benn, Ryan O'Reilly, Kyle Turris, Alexander Wennberg, Patrik Berglund, Sebastian Aho, Evander Kane, Jaromir Jagr, Connor Brown, Luke Glendening
Custom OT Lines Defensemen
Jared Spurgeon, Morgan Rielly, Shayne Gostisbehere, Kevin Klein, John-Michael Liles

Scratches
Jakub Vrana (Bruised Right Leg Injury), Chris VandeVelde (Healthy), Korbinian Holzer (Healthy)

% Time on Ice - Wild

Lines # - Real PCT - Wanted PCT - Time Play
Normal Forward
1 - 37% - 40% - 16:55
2 - 29% - 30% - 13:10
3 - 17% - 20% - 7:56
4 - 17% - 10% - 7:59
Normal Defense
1 - 41% - 40% - 18:39
2 - 35% - 35% - 16:16
3 - 23% - 25% - 10:38
4 - 1% - 0% - 0:27
PP Forward
1 - 54% - 60% - 3:13
2 - 46% - 40% - 2:45
PP Defense
1 - 51% - 60% - 3:01
2 - 49% - 40% - 2:57
PK Forward
1 - 84% - 60% - 5:45
2 - 16% - 40% - 1:05
PK Defense
1 - 73% - 60% - 5:01
2 - 27% - 40% - 1:49
PK3 Forward
1 - 0% - 60%
2 - 0% - 40%
PK3 Defense
1 - 0% - 60%
2 - 0% - 40%
44 Forward
1 - 0% - 60%
2 - 0% - 40%
44 Defense
1 - 0% - 60%
2 - 0% - 40%
Last Minute Offensive  - 1:12
Last Minute Defensive  - 0:00
Total
Forward - 60:00
Defense - 60:00

% Time on Ice - Nordiques

Lines # - Real PCT - Wanted PCT - Time Play
Normal Forward
1 - 28% - 30% - 12:59
2 - 28% - 30% - 12:56
3 - 29% - 30% - 13:15
4 - 15% - 10% - 6:49
Normal Defense
1 - 40% - 38% - 18:28
2 - 38% - 37% - 17:18
3 - 22% - 25% - 10:13
4 - 0% - 0% - 0:00
PP Forward
1 - 50% - 50% - 3:24
2 - 50% - 50% - 3:26
PP Defense
1 - 57% - 60% - 3:52
2 - 43% - 40% - 2:58
PK Forward
1 - 44% - 50% - 2:39
2 - 56% - 50% - 3:19
PK Defense
1 - 58% - 60% - 3:28
2 - 42% - 40% - 2:30
PK3 Forward
1 - 0% - 50%
2 - 0% - 50%
PK3 Defense
1 - 0% - 60%
2 - 0% - 40%
44 Forward
1 - 0% - 50%
2 - 0% - 50%
44 Defense
1 - 0% - 50%
2 - 0% - 50%
Last Minute Offensive  - 0:00
Last Minute Defensive  - 1:13
Total
Forward - 60:00
Defense - 60:00

Play by Play

1st period


0:01 of 1st period - Jack Eichel wins face-off versus Ryan O'Reilly in neutral zone.
0:16 of 1st period - Wrist shot by Marcus Johansson.
0:16 of 1st period - Shot Blocked by Jared Spurgeon.
0:49 of 1st period - Slapshot by Patrik Berglund.
0:49 of 1st period - Shot Blocked by Joel Ward.
0:57 of 1st period - Slapshot by Jaromir Jagr.
0:57 of 1st period - Stopped by Devan Dubnyk without a rebound.
0:58 of 1st period - Luke Glendening wins face-off versus Ryan Hartman in Wild zone.
0:59 of 1st period - Wrist shot by Paul Carey.
0:59 of 1st period - Deflect By Jonas Brodin.
0:59 of 1st period - Stopped by Devan Dubnyk without a rebound.
1:00 of 1st period - Chris Tierney wins face-off versus Luke Glendening in Wild zone.
1:09 of 1st period - Wrist shot by Paul Carey.
1:09 of 1st period - Shot Misses the Net.
1:11 of 1st period - Slapshot by Tom Gilbert.
1:11 of 1st period - Stopped by Devan Dubnyk with a rebound.
1:13 of 1st period - Snap shot by Luke Glendening.
1:13 of 1st period - Stopped by Devan Dubnyk with a rebound.
1:15 of 1st period - Wrist shot by Luke Glendening.
1:15 of 1st period - Shot Misses the Net.
1:32 of 1st period - Slapshot by Ryan Hartman.
1:32 of 1st period - Shot Blocked by Kyle Turris.
1:47 of 1st period - Icing by Chris Tierney.
1:48 of 1st period - Patrik Berglund wins face-off versus Chris Tierney in Wild zone.
1:53 of 1st period - Snap shot by Connor Brown.
1:53 of 1st period - Stopped by Devan Dubnyk with a rebound.
2:37 of 1st period - Off-side.
2:38 of 1st period - Adam Lowry wins face-off versus Kyle Turris in neutral zone.
3:11 of 1st period - Icing by Jonas Brodin.
3:12 of 1st period - Adam Lowry wins face-off versus Patrik Berglund in Wild zone.
3:17 of 1st period - Wrist shot by Brent Burns.
3:17 of 1st period - Shot Misses the Net.
3:31 of 1st period - Wrist shot by Brent Burns.
3:31 of 1st period - Stopped by Roberto Luongo with a rebound.
3:33 of 1st period - Slapshot by Martin Marincin.
3:33 of 1st period - Shot Blocked by Morgan Rielly.
4:22 of 1st period - Wrist shot by Brent Burns.
4:22 of 1st period - Stopped by Roberto Luongo without a rebound.
4:23 of 1st period - Ryan O'Reilly wins face-off versus Jack Eichel in Nordiques zone.
4:23 of 1st period - Ryan O'Reilly is hit by Ryan Suter.
4:45 of 1st period - Icing by Ryan O'Reilly.
4:46 of 1st period - Luke Glendening wins face-off versus William Nylander in Nordiques zone.
4:50 of 1st period - Icing by Jared Spurgeon.
4:51 of 1st period - Luke Glendening wins face-off versus William Nylander in Nordiques zone.
5:45 of 1st period - Slapshot by Evander Kane.
5:45 of 1st period - Deflect By Kyle Turris.
5:45 of 1st period - Shot Misses the Net.
5:45 of 1st period - Puck is out of play.
5:46 of 1st period - Evgeny Kuznetsov wins face-off versus Kyle Turris in Wild zone.
6:38 of 1st period - Kris Letang is hit by Patrik Berglund.
7:23 of 1st period - Snap shot by Sebastian Aho.
7:23 of 1st period - Shot Misses the Net.
7:25 of 1st period - Slapshot by Jamie Benn.
7:25 of 1st period - Stopped by Devan Dubnyk with a rebound.
7:42 of 1st period - Wrist shot by Daniel Sedin.
7:42 of 1st period - Stopped by Roberto Luongo with a rebound.
7:44 of 1st period - Snap shot by Joel Ward.
7:44 of 1st period - Stopped by Roberto Luongo with a rebound.
7:46 of 1st period - Slapshot by Ryan Suter.
7:46 of 1st period - Shot Misses the Net.
7:58 of 1st period - Snap shot by Connor Brown.
7:58 of 1st period - Shot Misses the Net.
8:04 of 1st period - Snap shot by Jaromir Jagr.
8:04 of 1st period - Shot Blocked by Adrian Kempe.
8:06 of 1st period - Wrist shot by Jaromir Jagr.
8:06 of 1st period - Stopped by Devan Dubnyk without a rebound.
8:07 of 1st period - Jack Eichel wins face-off versus Ryan O'Reilly in Wild zone.
8:14 of 1st period - Snap shot by Evgeny Kuznetsov.
8:14 of 1st period - Shot Blocked by Kevin Klein.
8:16 of 1st period - Slapshot by Kris Letang.
8:16 of 1st period - Stopped by Roberto Luongo with a rebound.
8:18 of 1st period - Snap shot by Nikita Zadorov.
8:18 of 1st period - Shot Blocked by Kevin Klein.
8:20 of 1st period - Snap shot by Marcus Johansson.
8:20 of 1st period - Goal by Marcus Johansson - Wild : 1 - Nordiques : 0.
8:21 of 1st period - Jack Eichel wins face-off versus Ryan O'Reilly in neutral zone.
8:32 of 1st period - Snap shot by Marcus Johansson.
8:32 of 1st period - Stopped by Roberto Luongo with a rebound.
8:36 of 1st period - Wrist shot by Jack Eichel.
8:36 of 1st period - Stopped by Roberto Luongo without a rebound.
8:37 of 1st period - William Nylander wins face-off versus Kyle Turris in Nordiques zone.
10:01 of 1st period - Slapshot by Ryan Hartman.
10:01 of 1st period - Stopped by Roberto Luongo with a rebound.
10:23 of 1st period - Off-side.
10:24 of 1st period - Evgeny Kuznetsov wins face-off versus Patrik Berglund in neutral zone.
10:49 of 1st period - Jamie Benn is hit by William Nylander and loses puck.
10:54 of 1st period - Snap shot by William Nylander.
10:54 of 1st period - Shot Misses the Net.
10:56 of 1st period - Snap shot by Kris Letang.
10:56 of 1st period - Shot Blocked by Kevin Klein.
11:18 of 1st period - Wrist shot by Evander Kane.
11:18 of 1st period - Stopped by Devan Dubnyk with a rebound.
11:20 of 1st period - Snap shot by Alexander Wennberg.
11:20 of 1st period - Deflect By Kris Letang.
11:20 of 1st period - Stopped by Devan Dubnyk with a rebound.
11:22 of 1st period - Slapshot by Morgan Rielly.
11:22 of 1st period - Deflect By Evander Kane.
11:22 of 1st period - Stopped by Devan Dubnyk with a rebound.
12:53 of 1st period - Double Minor Penalty to Evander Kane for Roughing.
12:54 of 1st period - Patrik Berglund wins face-off versus Jack Eichel in Nordiques zone.
12:54 of 1st period - Patrik Berglund is hit by Evgeny Kuznetsov.
13:51 of 1st period - John Moore is hit by Luke Glendening and loses puck.
14:49 of 1st period - Icing by Adam Lowry.
14:50 of 1st period - Jack Eichel wins face-off versus Luke Glendening in Wild zone.
15:47 of 1st period - Icing by Jack Eichel.
15:48 of 1st period - Jamie Benn wins face-off versus Jack Eichel in Wild zone.
16:46 of 1st period - Jamie Benn is hit by Ryan Hartman.
16:53 of 1st period - Penalty to Evander Kane is over, Evander Kane is back on ice.
17:16 of 1st period - Icing by John Moore.
17:17 of 1st period - Kyle Turris wins face-off versus William Nylander in Wild zone.
17:20 of 1st period - Snap shot by Kyle Turris.
17:20 of 1st period - Shot Blocked by Joel Ward.
17:26 of 1st period - Kyle Turris is hit by Daniel Sedin and loses puck.
17:57 of 1st period - Wrist shot by Marcus Johansson.
17:57 of 1st period - Shot Misses the Net.
18:06 of 1st period - Minor Penalty to Nikita Zadorov for Slashing.
18:07 of 1st period - Ryan O'Reilly wins face-off versus Adam Lowry in Wild zone.
18:07 of 1st period - Snap shot by Jamie Benn.
18:07 of 1st period - Deflect By Sebastian Aho.
18:07 of 1st period - Stopped by Devan Dubnyk with a rebound.
18:09 of 1st period - Snap shot by Ryan O'Reilly.
18:09 of 1st period - Goal by Ryan O'Reilly - Wild : 1 - Nordiques : 1.
18:10 of 1st period - Patrik Berglund wins face-off versus Jack Eichel in neutral zone.
18:18 of 1st period - Marcus Johansson is hit by Shayne Gostisbehere and loses puck.
19:01 of 1st period - Minor Penalty to Nikita Zadorov for Hooking.
19:02 of 1st period - Kyle Turris wins face-off versus Adam Lowry in Wild zone.
19:04 of 1st period - Snap shot by Kyle Turris.
19:04 of 1st period - Stopped by Devan Dubnyk without a rebound.
19:05 of 1st period - Alexander Wennberg wins face-off versus Adam Lowry in Wild zone.
19:13 of 1st period - Snap shot by Alexander Wennberg.
19:13 of 1st period - Goal by Alexander Wennberg - Wild : 1 - Nordiques : 2.
19:14 of 1st period - Jaromir Jagr wins face-off versus Jack Eichel in neutral zone.
19:19 of 1st period - Wrist shot by Jaromir Jagr.
19:19 of 1st period - Stopped by Devan Dubnyk with a rebound.
19:40 of 1st period - Adam Lowry is hit by Jamie Benn and loses puck.
19:51 of 1st period - Snap shot by Jamie Benn.
19:51 of 1st period - Shot Blocked by Ryan Suter.
Goals for this period are 1 for Wild vs 2 for Nordiques.
Shots for this period are 9 for Wild vs 15 for Nordiques.

2nd period


0:01 of 2nd period - Patrik Berglund wins face-off versus Jack Eichel in neutral zone.
0:04 of 2nd period - Marcus Johansson is hit by Jaromir Jagr and loses puck.
0:22 of 2nd period - Icing by Connor Brown.
0:23 of 2nd period - Adam Lowry wins face-off versus Kyle Turris in Nordiques zone.
0:24 of 2nd period - Wrist shot by Brent Burns.
0:24 of 2nd period - Stopped by Roberto Luongo with a rebound.
0:26 of 2nd period - Snap shot by Adam Lowry.
0:26 of 2nd period - Deflect By Adrian Kempe.
0:26 of 2nd period - Shot Misses the Net.
0:26 of 2nd period - Puck is out of play.
0:27 of 2nd period - Kyle Turris wins face-off versus Adam Lowry in Nordiques zone.
0:40 of 2nd period - Jared Spurgeon is hit by Adam Lowry and loses puck.
1:01 of 2nd period - Brent Burns is hit by Alexander Wennberg and loses puck.
1:42 of 2nd period - Off-side.
1:43 of 2nd period - Jack Eichel wins face-off versus Ryan O'Reilly in neutral zone.
1:56 of 2nd period - Snap shot by Jamie Benn.
1:56 of 2nd period - Stopped by Devan Dubnyk with a rebound.
2:14 of 2nd period - Minor Penalty to Luke Glendening for Holding.
2:15 of 2nd period - Jack Eichel wins face-off versus Patrik Berglund in Nordiques zone.
2:39 of 2nd period - Derek MacKenzie is hit by Daniel Sedin and loses puck.
4:14 of 2nd period - Penalty to Luke Glendening is over, Luke Glendening is back on ice.
4:36 of 2nd period - William Nylander is hit by Patrik Berglund and loses puck.
5:53 of 2nd period - Ryan Suter is hit by Luke Glendening and loses puck.
6:43 of 2nd period - Evander Kane is hit by Ryan Suter and loses puck.
6:58 of 2nd period - John Moore is hit by Luke Glendening and loses puck.
7:16 of 2nd period - Minor Penalty to Nikita Zadorov for Holding.
7:17 of 2nd period - Ryan O'Reilly wins face-off versus Adam Lowry in Wild zone.
9:16 of 2nd period - Penalty to Nikita Zadorov is over, Nikita Zadorov is back on ice.
9:23 of 2nd period - Snap shot by Christian Dvorak.
9:23 of 2nd period - Shot Misses the Net.
9:25 of 2nd period - Slapshot by Brent Burns.
9:25 of 2nd period - Deflect By Jaromir Jagr.
9:25 of 2nd period - Stopped by Roberto Luongo with a rebound.
9:27 of 2nd period - Slapshot by Jonas Brodin.
9:27 of 2nd period - Stopped by Roberto Luongo with a rebound.
9:29 of 2nd period - Snap shot by Nikita Zadorov.
9:29 of 2nd period - Shot Misses the Net.
9:51 of 2nd period - Slapshot by Brent Burns.
9:51 of 2nd period - Shot Misses the Net.
10:07 of 2nd period - Wrist shot by Jack Eichel.
10:07 of 2nd period - Stopped by Roberto Luongo with a rebound.
11:00 of 2nd period - Alexander Wennberg is hit by William Nylander and loses puck.
11:13 of 2nd period - Jack Eichel is hit by Kevin Klein and loses puck.
11:27 of 2nd period - Off-side.
11:28 of 2nd period - Jamie Benn wins face-off versus Chris Tierney in neutral zone.
11:33 of 2nd period - Slapshot by Ryan O'Reilly.
11:33 of 2nd period - Shot Blocked by Kris Letang.
11:35 of 2nd period - Snap shot by Sebastian Aho.
11:35 of 2nd period - Stopped by Devan Dubnyk with a rebound.
11:37 of 2nd period - Slapshot by Shayne Gostisbehere.
11:37 of 2nd period - Deflect By Sebastian Aho.
11:37 of 2nd period - Shot Misses the Net.
11:37 of 2nd period - Puck is out of play.
11:38 of 2nd period - Ryan O'Reilly wins face-off versus William Nylander in Wild zone.
11:53 of 2nd period - Snap shot by Jamie Benn.
11:53 of 2nd period - Stopped by Devan Dubnyk with a rebound.
11:55 of 2nd period - Slapshot by Shayne Gostisbehere.
11:55 of 2nd period - Shot Blocked by Nikita Zadorov.
12:05 of 2nd period - Connor Brown is hit by Evgeny Kuznetsov and loses puck.
12:35 of 2nd period - Snap shot by Christian Dvorak.
12:35 of 2nd period - Shot Misses the Net.
12:53 of 2nd period - Wrist shot by Patrik Berglund.
12:53 of 2nd period - Shot Misses the Net.
12:55 of 2nd period - Slapshot by Patrik Berglund.
12:55 of 2nd period - Shot Misses the Net.
12:57 of 2nd period - Slapshot by John-Michael Liles.
12:57 of 2nd period - Deflect By Ryan Hartman.
12:57 of 2nd period - Stopped by Devan Dubnyk with a rebound.
12:59 of 2nd period - Snap shot by Connor Brown.
12:59 of 2nd period - Goal by Connor Brown - Wild : 1 - Nordiques : 3.
13:00 of 2nd period - Ryan O'Reilly wins face-off versus Jack Eichel in neutral zone.
13:35 of 2nd period - Minor Penalty to Martin Marincin for Hooking.
13:36 of 2nd period - Adam Lowry wins face-off versus Evander Kane in Wild zone.
13:53 of 2nd period - Slapshot by Jared Spurgeon.
13:53 of 2nd period - Shot Misses the Net.
14:03 of 2nd period - John Moore is hit by Jamie Benn and loses puck.
15:00 of 2nd period - Brent Burns is hit by Alexander Wennberg and loses puck.
15:35 of 2nd period - Penalty to Martin Marincin is over, Martin Marincin is back on ice.
16:02 of 2nd period - Marcus Johansson is hit by Shayne Gostisbehere and loses puck.
16:26 of 2nd period - Wrist shot by Shayne Gostisbehere.
16:26 of 2nd period - Shot Misses the Net.
16:28 of 2nd period - Slapshot by Jared Spurgeon.
16:28 of 2nd period - Stopped by Devan Dubnyk with a rebound.
16:30 of 2nd period - Slapshot by Shayne Gostisbehere.
16:30 of 2nd period - Deflect By Connor Brown.
16:30 of 2nd period - Shot Misses the Net.
16:30 of 2nd period - Puck is out of play.
16:31 of 2nd period - Kyle Turris wins face-off versus Adam Lowry in Wild zone.
17:04 of 2nd period - Wrist shot by Ryan Hartman.
17:04 of 2nd period - Stopped by Roberto Luongo with a rebound.
17:06 of 2nd period - Snap shot by Christian Dvorak.
17:06 of 2nd period - Stopped by Roberto Luongo without a rebound.
17:07 of 2nd period - William Nylander wins face-off versus Ryan O'Reilly in Nordiques zone.
17:32 of 2nd period - Morgan Rielly is hit by Nikita Zadorov and loses puck.
18:03 of 2nd period - Snap shot by Shayne Gostisbehere.
18:03 of 2nd period - Shot Misses the Net.
18:13 of 2nd period - Jonas Brodin is hit by Jared Spurgeon and loses puck.
18:32 of 2nd period - Wrist shot by Evgeny Kuznetsov.
18:32 of 2nd period - Shot Blocked by Jared Spurgeon.
18:34 of 2nd period - Snap shot by Evgeny Kuznetsov.
18:34 of 2nd period - Goal by Evgeny Kuznetsov - Wild : 2 - Nordiques : 3.
18:35 of 2nd period - Ryan O'Reilly wins face-off versus Adam Lowry in neutral zone.
18:37 of 2nd period - Off-side.
18:38 of 2nd period - Jamie Benn wins face-off versus Adrian Kempe in neutral zone.
18:51 of 2nd period - Wrist shot by Jamie Benn.
18:51 of 2nd period - Stopped by Devan Dubnyk without a rebound.
18:52 of 2nd period - Jack Eichel wins face-off versus Kyle Turris in Wild zone.
18:54 of 2nd period - Minor Penalty to Jack Eichel for Tripping.
18:55 of 2nd period - Adam Lowry wins face-off versus Kyle Turris in Wild zone.
19:21 of 2nd period - John Moore is hit by Shayne Gostisbehere and loses puck.
19:30 of 2nd period - Snap shot by Ryan O'Reilly.
19:30 of 2nd period - Stopped by Devan Dubnyk with a rebound.
19:32 of 2nd period - Snap shot by Ryan O'Reilly.
19:32 of 2nd period - Goal by Ryan O'Reilly - Wild : 2 - Nordiques : 4.
19:33 of 2nd period - Ryan O'Reilly wins face-off versus Jack Eichel in neutral zone.
19:36 of 2nd period - Snap shot by Jamie Benn.
19:36 of 2nd period - Shot Misses the Net.
19:44 of 2nd period - Slapshot by Jack Eichel.
19:44 of 2nd period - Shot Blocked by Sebastian Aho.
19:46 of 2nd period - Wrist shot by Jack Eichel.
19:46 of 2nd period - Shot Misses the Net.
Goals for this period are 1 for Wild vs 2 for Nordiques.
Shots for this period are 7 for Wild vs 9 for Nordiques.

3rd period


0:01 of 3rd period - Evgeny Kuznetsov wins face-off versus Evander Kane in neutral zone.
0:30 of 3rd period - Off-side.
0:31 of 3rd period - Ryan O'Reilly wins face-off versus William Nylander in neutral zone.
0:34 of 3rd period - Snap shot by Jared Spurgeon.
0:34 of 3rd period - Stopped by Devan Dubnyk with a rebound.
1:17 of 3rd period - Kyle Turris is hit by Adrian Kempe.
1:45 of 3rd period - Ryan Hartman is hit by Luke Glendening and loses puck.
2:21 of 3rd period - Evgeny Kuznetsov is hit by Patrik Berglund and loses puck.
2:44 of 3rd period - Snap shot by Brent Burns.
2:44 of 3rd period - Shot Misses the Net.
3:02 of 3rd period - Snap shot by Luke Glendening.
3:02 of 3rd period - Shot Blocked by Ryan Suter.
3:07 of 3rd period - Off-side.
3:08 of 3rd period - Evgeny Kuznetsov wins face-off versus Ryan O'Reilly in neutral zone.
3:26 of 3rd period - Icing by Martin Marincin.
3:27 of 3rd period - Patrik Berglund wins face-off versus Jack Eichel in Wild zone.
3:28 of 3rd period - Slapshot by Jaromir Jagr.
3:28 of 3rd period - Shot Misses the Net.
3:30 of 3rd period - Snap shot by Jaromir Jagr.
3:30 of 3rd period - Stopped by Devan Dubnyk without a rebound.
3:31 of 3rd period - Jack Eichel wins face-off versus Patrik Berglund in Wild zone.
3:44 of 3rd period - Slapshot by Tom Gilbert.
3:44 of 3rd period - Stopped by Devan Dubnyk with a rebound.
3:46 of 3rd period - Wrist shot by Tom Gilbert.
3:46 of 3rd period - Shot Blocked by Ryan Suter.
4:19 of 3rd period - Snap shot by Kyle Turris.
4:19 of 3rd period - Stopped by Devan Dubnyk with a rebound.
4:46 of 3rd period - Snap shot by Evgeny Kuznetsov.
4:46 of 3rd period - Shot Misses the Net.
4:48 of 3rd period - Slapshot by Marcus Johansson.
4:48 of 3rd period - Goal by Marcus Johansson - Wild : 3 - Nordiques : 4.
4:49 of 3rd period - Jack Eichel wins face-off versus Patrik Berglund in neutral zone.
6:23 of 3rd period - Snap shot by Brent Burns.
6:23 of 3rd period - Shot Misses the Net.
7:11 of 3rd period - Wrist shot by Kyle Turris.
7:11 of 3rd period - Shot Blocked by Kris Letang.
7:29 of 3rd period - Slapshot by Evander Kane.
7:29 of 3rd period - Deflect By Ryan Suter.
7:29 of 3rd period - Shot Misses the Net.
7:29 of 3rd period - Puck is out of play.
7:30 of 3rd period - Jack Eichel wins face-off versus Luke Glendening in Wild zone.
7:43 of 3rd period - Snap shot by Evgeny Kuznetsov.
7:43 of 3rd period - Shot Misses the Net.
8:18 of 3rd period - Daniel Sedin is hit by Jamie Benn and loses puck.
8:33 of 3rd period - Kris Letang is hit by Evander Kane and loses puck.
8:59 of 3rd period - Wrist shot by Evgeny Kuznetsov.
8:59 of 3rd period - Stopped by Roberto Luongo with a rebound.
9:17 of 3rd period - Wrist shot by Jared Spurgeon.
9:17 of 3rd period - Deflect By Jaromir Jagr.
9:17 of 3rd period - Shot Misses the Net.
9:17 of 3rd period - Puck is out of play.
9:18 of 3rd period - Adrian Kempe wins face-off versus Patrik Berglund in Wild zone.
9:18 of 3rd period - Adrian Kempe is hit by Jaromir Jagr.
9:52 of 3rd period - Wrist shot by Jack Eichel.
9:52 of 3rd period - Shot Misses the Net.
9:54 of 3rd period - Snap shot by Jack Eichel.
9:54 of 3rd period - Goal by Jack Eichel - Wild : 4 - Nordiques : 4.
9:55 of 3rd period - Ryan O'Reilly wins face-off versus Jack Eichel in neutral zone.
10:00 of 3rd period - Slapshot by Shayne Gostisbehere.
10:00 of 3rd period - Stopped by Devan Dubnyk with a rebound.
10:02 of 3rd period - Wrist shot by Sebastian Aho.
10:02 of 3rd period - Stopped by Devan Dubnyk without a rebound.
10:03 of 3rd period - Ryan O'Reilly wins face-off versus Jack Eichel in Wild zone.
10:22 of 3rd period - Snap shot by Ryan O'Reilly.
10:22 of 3rd period - Shot Misses the Net.
10:26 of 3rd period - Wrist shot by Ryan O'Reilly.
10:26 of 3rd period - Shot Blocked by Kris Letang.
10:36 of 3rd period - Slapshot by Evgeny Kuznetsov.
10:36 of 3rd period - Stopped by Roberto Luongo without a rebound.
10:37 of 3rd period - Adam Lowry wins face-off versus Kyle Turris in Nordiques zone.
10:38 of 3rd period - Snap shot by Brent Burns.
10:38 of 3rd period - Shot Misses the Net.
11:03 of 3rd period - Kevin Klein is hit by Daniel Sedin and loses puck.
11:08 of 3rd period - Wrist shot by Daniel Sedin.
11:08 of 3rd period - Shot Misses the Net.
11:10 of 3rd period - Snap shot by Daniel Sedin.
11:10 of 3rd period - Shot Misses the Net.
11:12 of 3rd period - Snap shot by Joel Ward.
11:12 of 3rd period - Shot Misses the Net.
11:14 of 3rd period - Wrist shot by William Nylander.
11:14 of 3rd period - Stopped by Roberto Luongo with a rebound.
11:24 of 3rd period - Snap shot by Jaromir Jagr.
11:24 of 3rd period - Shot Misses the Net.
12:15 of 3rd period - Snap shot by Kyle Turris.
12:15 of 3rd period - Goal by Kyle Turris - Wild : 4 - Nordiques : 5.
12:16 of 3rd period - Jack Eichel wins face-off versus Patrik Berglund in neutral zone.
12:26 of 3rd period - Backhand shot by Marcus Johansson.
12:26 of 3rd period - Stopped by Roberto Luongo with a rebound.
12:42 of 3rd period - Adam Lowry is hit by Alexander Wennberg and loses puck.
13:05 of 3rd period - Slapshot by Kris Letang.
13:05 of 3rd period - Deflect By Sebastian Aho.
13:05 of 3rd period - Stopped by Roberto Luongo without a rebound.
13:06 of 3rd period - Ryan O'Reilly wins face-off versus William Nylander in Nordiques zone.
13:17 of 3rd period - Snap shot by Daniel Sedin.
13:17 of 3rd period - Shot Misses the Net.
13:19 of 3rd period - Slapshot by John Moore.
13:19 of 3rd period - Shot Blocked by John-Michael Liles.
13:21 of 3rd period - Wrist shot by Daniel Sedin.
13:21 of 3rd period - Stopped by Roberto Luongo with a rebound.
13:31 of 3rd period - Evgeny Kuznetsov is hit by Jaromir Jagr and loses puck.
13:42 of 3rd period - Snap shot by Patrik Berglund.
13:42 of 3rd period - Shot Misses the Net.
14:11 of 3rd period - Minor Penalty to John Moore for Interference.
14:12 of 3rd period - Adam Lowry wins face-off versus Kyle Turris in Wild zone.
14:12 of 3rd period - Adam Lowry is hit by Evander Kane.
14:43 of 3rd period - Adam Lowry is hit by Jamie Benn and loses puck.
14:52 of 3rd period - Slapshot by Jamie Benn.
14:52 of 3rd period - Shot Blocked by Adam Lowry.
14:54 of 3rd period - Slapshot by Morgan Rielly.
14:54 of 3rd period - Stopped by Devan Dubnyk with a rebound.
15:45 of 3rd period - Icing by Jared Spurgeon.
15:46 of 3rd period - Jack Eichel wins face-off versus Jamie Benn in Nordiques zone.
16:11 of 3rd period - Penalty to John Moore is over, John Moore is back on ice.
16:23 of 3rd period - Wrist shot by Marcus Johansson.
16:23 of 3rd period - Stopped by Roberto Luongo with a rebound.
17:20 of 3rd period - John Moore is hit by Kyle Turris and loses puck.
17:45 of 3rd period - John Moore is hit by Luke Glendening and loses puck.
18:14 of 3rd period - Snap shot by Jack Eichel.
18:14 of 3rd period - Stopped by Roberto Luongo with a rebound.
18:32 of 3rd period - Backhand shot by Jaromir Jagr.
18:32 of 3rd period - Shot Misses the Net.
19:20 of 3rd period - Wild, Devan Dubnyk is pulled from the net.
19:25 of 3rd period - Icing by Jared Spurgeon.
19:26 of 3rd period - Jack Eichel wins face-off versus Ryan O'Reilly in Nordiques zone.
19:35 of 3rd period - Wrist shot by Jack Eichel.
19:35 of 3rd period - Stopped by Roberto Luongo without a rebound.
19:36 of 3rd period - John Tortorella call a timeout for Wild.
19:36 of 3rd period - Jamie Benn wins face-off versus Jack Eichel in Nordiques zone.
19:43 of 3rd period - Slapshot by Marcus Johansson.
19:43 of 3rd period - Stopped by Roberto Luongo with a rebound.
19:45 of 3rd period - Slapshot by Jack Eichel.
19:45 of 3rd period - Shot Misses the Net.
19:47 of 3rd period - Snap shot by Kris Letang.
19:47 of 3rd period - Shot Misses the Net.
19:49 of 3rd period - Slapshot by Marcus Johansson.
19:49 of 3rd period - Shot Blocked by Ryan O'Reilly.
19:51 of 3rd period - Backhand shot by Brent Burns.
19:51 of 3rd period - Shot Blocked by Morgan Rielly.
19:53 of 3rd period - Slapshot by Evgeny Kuznetsov.
19:53 of 3rd period - Stopped by Roberto Luongo without a rebound.
19:54 of 3rd period - Jack Eichel wins face-off versus Ryan O'Reilly in Nordiques zone.
Goals for this period are 2 for Wild vs 1 for Nordiques.
Shots for this period are 13 for Wild vs 8 for Nordiques.